 Dungeon Crawl Stone Soup version 0.28-a0-723-g095bd1b44f (webtiles) character file.

Game seed: 11249811036286950740

415 BlueFish the Covert (level 6, -2/47 HPs)
             Began as a Vampire Delver on Oct 25, 2021.
             Slain by Grinder (3 damage)
             ... while paralysed by Grinder
             ... on level 5 of the Dungeon on Oct 26, 2021.
             The game lasted 00:11:11 (4752 turns).

BlueFish the Covert (Vampire Delver)                Turns: 4752, Time: 00:11:11

Health: -2/47      AC:  6    Str: 11    XL:     6   Next: 60%
Magic:  6/6        EV:  2    Int: 13    God:
Gold:   227        SH:  0    Dex: 17    Spells: 5/5 levels left

rFire   . . .      SeeInvis +   n - +2 dagger (freeze)
rCold   . . .      Faith    .   (no shield)
rNeg    . . .      Spirit   .   b - +0 leather armour
rPois   .          Reflect  .   (no helmet)
rElec   .          Harm     .   t - +0 cloak
rCorr   .          Rampage  .   u - +0 pair of gloves
Will    .....                   o - +0 pair of boots
Stlth   ++++......              (no amulet)
HPRegen 0.35/turn               (no ring)
MPRegen 0.10/turn               (no ring)

@: paralysed, lethally poisoned (-2 -> -11), healing quickly
A: alive, fangs 3, see invisible, vampiric 2
a: Exsanguinate


You were on level 5 of the Dungeon.
You visited 2 branches of the dungeon, and saw 6 of its levels.

You collected 227 gold pieces.

Inventory:

Hand Weapons
 a - a +0 short sword
 n - a +2 dagger of freezing (weapon)
 r - a +0 rapier of freezing
Missiles
 i - 17 poisoned darts (quivered)
 w - 2 boomerangs
Armour
 b - a +0 leather armour (worn)
 o - a +0 pair of boots (worn)
 t - a +0 cloak (worn)
 u - a +0 pair of gloves (worn)
Wands
 g - a wand of digging (3)
Scrolls
 c - 2 scrolls of fog
 d - a scroll of magic mapping
 h - a scroll of brand weapon
 j - a scroll of silence
 l - a scroll of amnesia {unknown}
 p - a scroll of enchant armour
 s - a scroll of teleportation
Potions
 e - a potion of brilliance {unknown}
 f - 2 potions of haste
 k - 2 potions of attraction


   Skills:
 * Level 3.3 Fighting
 * Level 4.1 Short Blades
 + Level 1.4 Armour
 * Level 3.3 Dodging
 * Level 10.3 Stealth


You had 5 spell levels left.
You didn't know any spells.
Your spell library contained the following spells:

 Spells                   Type           Power      Damage    Failure   Level
 Ozocubu's Armour         Ice            0%         N/A       77%         3
 Metabolic Englaciation   Hex/Ice        0%         N/A       100%        5
 Simulacrum               Ice/Necr       0%         N/A       100%        6


Dungeon Overview and Level Annotations

Branches:
Dungeon (5/15)             Temple (1/1) D:4

Altars:
Ashenzari
Cheibriados
Elyvilon
Gozag
Kikubaaqudgha
Nemelex Xobeh
Qazlal
Sif Muna
Trog
Vehumet
Wu Jian
Xom
Yredelemnul
Zin
The Shining One

Shops:
D:3 (   D:5 [(*

Annotations:
D:5 Dowan, Duvessa, Grinder


Innate Abilities, Weirdness & Mutations

Your natural rate of healing is accelerated.
You have razor-sharp teeth.
You have supernaturally acute eyesight. (SInv)
You are afflicted with vampirism and can become a bat while bloodless.


Message History

a +0 mace; a gnoll skeleton Grinder gestures at you.
Pain shoots through your body!
A scorpion comes into view.
You hit Grinder.
Grinder is lightly wounded.
Grinder hits you!
You writhe in agony.
You barely miss Grinder.
Grinder is lightly wounded.
Grinder gestures at you. You resist with some effort.
You hit Grinder but do no damage.
Grinder is lightly wounded.
You hit Grinder but do no damage.
Grinder is lightly wounded.
Grinder barely misses you.
You hit Grinder. You bite Grinder, but do no damage.
Grinder is lightly wounded.
Grinder gestures at you. You resist with some effort.
You hit Grinder.
Grinder is lightly wounded.
Grinder gestures at you.
You suddenly lose the ability to move!
Grinder says, "Don't move a muscle."
Grinder gestures at you.
You struggle to resist.
The scorpion stings you! Grinder hits you but does no damage.
The scorpion stings you. Grinder hits you!
* * * LOW HITPOINT WARNING * * *
The scorpion stings you.
* * * LOW HITPOINT WARNING * * *
You are lethally poisoned!
The scorpion poisons you!
* * * LOW HITPOINT WARNING * * *
You feel very sick. The scorpion stings you.
* * * LOW HITPOINT WARNING * * *
Grinder hits you.
You die...

.∩...............(....5##
........................# .
.......................#.
#.##.................!....
......................##..#
#.#......................###
#....)..............##......
#.................#..#......
#.####...#####..@s....###.#......
#........#888#..5....####........
######...#.((#..........##.......
#.###(..#.....####..........
#...#...#......######....###
#...#(..#.......∩........#
######...#(..#...........##..##
...[.....##∩##..#+#......##<.#
#######...........#......##..#


You could see Grinder and a scorpion.

Vanquished Creatures
  An ogre (D:5)
  A hound (D:4)
  An orc priest (D:4)
  A gnoll shaman (D:5)
  3 orc wizards
  4 gnolls (D:5)
  3 adders
  2 adder skeletons (D:4)
  A worm (D:2)
  4 dart slugs
  6 orcs
  4 endoplasms
  3 giant cockroaches
  6 goblins
  8 hobgoblins
  11 kobolds
  6 quokkas
  4 ball pythons
  6 bats
  5 frilled lizards
  5 rats
85 creatures vanquished.

Vanquished Creatures (others)
  A plant (D:2)
1 creature vanquished.

Grand Total: 86 creatures vanquished

Notes
Turn   | Place    | Note
-------+----------+-------------------------------------------
     0 | D:5      | BlueFish the Vampire Delver began the quest for the Orb.
     0 | D:5      | Reached XP level 1. HP: 17/17 MP: 1/1
     5 | D:5      | Found Topram's Assorted Antiques.
    20 | D:5      | Noticed Grinder
    42 | D:5      | Found Sodi's Firing Range.
   204 | D:3      | Reached XP level 2. HP: 23/23 MP: 2/2
   314 | D:3      | Reached skill level 8 in Stealth
   653 | D:4      | Gained mutation: You are afflicted with vampirism and can
                  | become a bat while bloodless. [Vampire growth]
   653 | D:4      | Reached XP level 3. HP: 28/28 MP: 3/3
   776 | D:4      | Found a staircase to the Ecumenical Temple.
   785 | Temple   | Entered the Ecumenical Temple
  1731 | D:1      | Reached XP level 4. HP: 34/34 MP: 4/4
  1784 | D:1      | Found a faded altar of an unknown god.
  1787 | D:1      | You fall into a shaft and drop 1 floor!
  3097 | D:3      | Found Vaegh's Weapon Shop.
  3182 | D:3      | Reached skill level 9 in Stealth
  3614 | D:4      | Reached XP level 5. HP: 19/41 MP: 5/5
  3830 | D:4      | Reached skill level 1 in Armour
  4069 | D:5      | Noticed an ogre
  4076 | D:5      | Killed an ogre
  4077 | D:5      | Reached XP level 6. HP: 47/47 MP: 6/6
  4130 | D:5      | Found a bloodstained altar of Trog.
  4181 | D:5      | Reached skill level 10 in Stealth
  4260 | D:5      | Noticed Duvessa
  4260 | D:5      | Noticed Dowan
  4496 | D:5      | Found Uhorobed's Armour Shop.
  4569 | D:5      | HP: 2/47 [gnoll (8)]
  4706 | D:5      | Upgraded the game from 0.28-a0-706-gf6f64a616a to
                  | 0.28-a0-723-g095bd1b44f
  4748 | D:5      | Paralysed by Grinder for 7 turns
  4752 | D:5      | HP: 1/47 [scorpion (3)]
  4752 | D:5      | Slain by Grinder

Illustrated notes

Levels and vault maps discovered:
D:1:      minmay_arrival_four_houses, layout_loops_ring,
          dreamdust_ecumenical_altar_angels_and_demons
D:2:      layout_basic, serial_bayou_lagoon_b
D:3:      kennysheep_six_static_rooms, layout_loops_corners, serial_shops, shop
D:4:      layout_loops_corners, minmay_temple_entry_steel_oval,
          corexii_item_surrounded_by_moat, grunt_ministairs_7,
          kennysheep_diamond, minmay_splitting_lines
D:5:      layout_basic, grunt_temple_overflow_open, serial_shops, shop, shop,
          shop, nicolae_shop_firing_range, uniq_grinder, uniq_duvessa
Temple:   nicolae_temple_great_sept

Skill      XL: |  1  2  3  4  5  6 |
---------------+-------------------+-----
Stealth        | 8 9 10 | 10.3
Fighting       | 3 |  3.3
Short Blades   | 3 4 |  4.1
Armour         | 1 |  1.4
Dodging        | 3 |  3.3

Action                   |  1- 3 |  4- 6 || total
-------------------------+-------+-------++-------
Melee: Short sword       |    56 |       ||    56
       Bite              |     9 |    22 ||    31
       Dagger            |    36 |   168 ||   204
  Use: Scroll            |       |     9 ||     9
 Stab: Sleeping          |    13 |    19 ||    32
       Distracted        |       |     3 ||     3
Armor: Leather armour    |    14 |    26 ||    40
Dodge: Dodged            |    47 |    76 ||   123

Table legend: (Time is in decaauts)
 A = Elapsed time spent in this place.
 B = Non-inter-level travel time spent in this place.
 C = Inter-level travel time spent in this place.
 D = Time resting spent in this place.
 E = Time spent auto-exploring this place.
 F = Levels seen in this place.
 G = Mean time per level.
                   A        B        C        D        E       F      G
               +--------+--------+--------+--------+--------+-----+--------+
         Total |   4742 |   4285 |    457 |      7 |   3114 |   6 |  790.3 |
       Dungeon |   4657 |   4200 |    457 |      7 |   3051 |   5 |  931.4 |
        Temple |     85 |     85 |      0 |      0 |     63 |   1 |   85.0 |
               +--------+--------+--------+--------+--------+-----+--------+

Top non-repeatable levels by time:
     D:4: 1275 daAuts
     D:3: 1168 daAuts
     D:1: 801 daAuts
     D:2: 731 daAuts
     D:5: 681 daAuts
  Temple: 85 daAuts
